 Dungeon Crawl Stone Soup version 0.25.1-8-g42b30a86e7 (webtiles) character file.

Game seed: 5310076467527028024

4980 Gabide the Cruncher (level 10, -15/74 HPs)
             Began as a Human Abyssal Knight on Dec 6, 2020.
             Was a High Priest of Lugonu.
             Hit by a boomerang thrown by an orc warrior (17 damage)
             ... on level 8 of the Dungeon.
             The game lasted 00:27:54 (9551 turns).

Gabide the Cruncher (Human Abyssal Knight)          Turns: 9551, Time: 00:27:55

Health: -15/74     AC: 11    Str: 16    XL:     10   Next: 83%
Magic:  11/12      EV: 14    Int: 12    God:    Lugonu [*****.]
Gold:   396        SH:  0    Dex: 25    Spells: 9/9 levels left

rFire    . . .     SeeInvis .   b - +5 quarterstaff (chaos)
rCold    . . .     Gourm    .   (shield currently unavailable)
rNeg     . . .     Faith    .   r - +3 leather armour
rPois    .         Spirit   .   H - +0 helmet
rElec    .         Reflect  .   d - +0 cloak
rCorr    .         Harm     .   (no gloves)
MR       .....                  p - +1 pair of boots
Stlth    ++........             (no amulet)
HPRegen  0.22/turn              i - +6 ring of dexterity
MPRegen  0.13/turn              k - +6 ring of dexterity

@: no status effects
A: no striking features
a: Depart the Abyss, Bend Space, Banish, Corrupt, Enter the Abyss, Renounce
Religion


You were on level 8 of the Dungeon.
You worshipped Lugonu.
Lugonu was extremely pleased with you.
You were hungry.

You visited 1 branch of the dungeon, and saw 8 of its levels.
You visited the Abyss 1 time.

You collected 396 gold pieces.

Inventory:

Hand Weapons
 a - a +0 fustibalus
 b - a +5 quarterstaff of chaos (weapon)
Missiles
 s - a silver boomerang (quivered)
 D - 6 datura-tipped darts
 I - 6 javelins
Armour
 d - a +0 cloak (worn)
 p - a +1 pair of boots (worn)
 r - a +3 leather armour (worn)
 y - a +0 chain mail
 H - a +0 helmet (worn)
Jewellery
 i - a +6 ring of dexterity (left hand)
 k - a +6 ring of dexterity (right hand)
Wands
 j - a wand of acid (8)
 q - a wand of disintegration (10)
Scrolls
 f - 4 scrolls of teleportation
 l - 2 scrolls of amnesia
 m - a scroll of fog {unknown}
 o - a scroll of immolation
 w - 2 scrolls of blinking
 C - 2 scrolls of remove curse
Potions
 e - 2 potions of lignification {unknown}
 g - 3 potions of heal wounds
 h - a potion of stabbing
 n - 2 potions of magic {unknown}
 u - a potion of mutation {unknown}
 v - a potion of degeneration {unknown}
 x - a potion of might
 z - a potion of haste {unknown}
 A - a potion of berserk rage {unknown}
 B - a potion of brilliance {unknown}
 E - a potion of cancellation {unknown}
 G - 2 potions of invisibility {unknown}
Comestibles
 c - 9 rations
 F - 5 chunks of flesh


   Skills:
 + Level 5.3 Fighting
   Level 4.6(7.6) Polearms
 * Level 9.4(9.9) Staves
 * Level 6.6(7.5) Slings
 - Level 5.3(6.9) Throwing
 + Level 4.1 Armour
 + Level 3.0 Dodging
 + Level 3.1 Invocations


You had 9 spell levels left.
You didn't know any spells.
Your spell library contained the following spells:

 Spells                   Type           Power        Failure   Level  Hunger
 Confusing Touch          Hex            #.......     75%         3    ####...
 Gell's Gravitas          Tloc           #.........   75%         3    ####...
 Petrify                  Tmut/Erth      #.......     98%         4    #####..
 Metabolic Englaciation   Hex/Ice        #.........   100%        5    ######.
 Yara's Violent Unravell  Hex/Tmut       #.........   100%        5    ######.


Dungeon Overview and Level Annotations

Branches:
Dungeon (8/15)             Temple (0/1) D:5
   Lair: D:8-11

Altars:
Cheibriados
Elyvilon
Fedhas
Gozag
Hepliaklqana
Makhleb
Qazlal
Sif Muna
Trog
Uskayaw
Xom
Yredelemnul
The Shining One

Shops:
D:4 %:


Message History

You are too injured to fight recklessly!
You are too injured to fight recklessly!
You are too injured to fight recklessly!
You are too injured to fight recklessly!
You are too injured to fight recklessly!
You are too injured to fight recklessly!
You are too injured to fight recklessly!
You are too injured to fight recklessly!
You are too injured to fight recklessly!
You are too injured to fight recklessly!
You are too injured to fight recklessly!
Space bends around you!
You blink.
The orc warrior throws a boomerang.
The boomerang hits you!
* * * LOW HITPOINT WARNING * * *
The weapon returns to the orc warrior!
The orc warrior throws a boomerang.
The boomerang hits you!
* * * LOW HITPOINT WARNING * * *
The weapon returns to the orc warrior!
The orc warrior throws a boomerang.
The boomerang hits you!
You die...

# ######### #. ...(.#.#
#.###+####..(...#
#..)).....(...#
#..<.)†)......# .##
##...)..).....# #..#
#.......))..##+#+##....
#......@)oo.........[..
#.....)(..).........<..
#.......(..)........#
#.........o.)..))...##.
###########..)o.....'o.
#..............##.
#.........####.#
#........## #
#........#


You could see an orc warrior and 3 orcs.

Vanquished Creatures
  A two-headed ogre (D:8)
  Joseph (D:7)
  Prince Ribbit (D:7)
  A blink frog (D:6)
  2 hippogriffs (D:8)
  Sigmund (D:4)
  Eustachio (D:4)
  Menkaure (D:6)
  A hungry ghost (D:7)
  Edmund (D:6)
  A water moccasin (D:7)
  A hornet zombie (D:6)
  An ice beast (D:6)
  3 sky beasts (D:7)
  An ogre (D:6)
  4 orc warriors
  A centaur (D:5)
  Blork the orc (D:6)
  3 bullfrogs
  A scorpion (D:7)
  5 killer bees (D:5)
  4 orc wizards
  A quasit (D:7)
  10 orc priests
  3 hounds
  Crazy Yiuf (D:3)
  2 iguanas
  2 worker ants
  2 hound zombies
  A hound skeleton (D:8)
  A howler monkey zombie (D:7)
  A worker ant zombie (D:7)
  4 gnolls
  10 adders
  A shadow imp (D:7)
  2 oozes
  3 adder skeletons
  A worm (D:2)
  A dart slug (D:4)
  5 leopard geckos
  41 orcs
  5 giant cockroaches
  5 goblins
  7 hobgoblins
  12 jackals
  7 kobolds
  6 quokkas
  3 ball pythons
  8 bats
  8 frilled lizards
  A quokka skeleton (D:7)
  A quokka zombie (D:5)
  10 rats
202 creatures vanquished.

Notes
Turn   | Place    | Note
-------+----------+-------------------------------------------
     0 | Abyss:1  | Gabide the Human Abyssal Knight began the quest for the
                  | Orb.
     0 | Abyss:1  | Reached XP level 1. HP: 18/18 MP: 2/2
    53 | Abyss:1  | Found a corrupted altar of Lugonu.
    67 | Abyss:1  | Noticed a small abomination
    68 | D:1      | Escaped the Abyss
   105 | D:1      | Reached * piety under Lugonu
   167 | D:1      | Reached XP level 2. HP: 24/24 MP: 3/3
   752 | D:2      | Reached XP level 3. HP: 29/29 MP: 4/4
   957 | D:2      | Found a stormy altar of Qazlal.
  1142 | D:2      | Reached ** piety under Lugonu
  1303 | D:2      | Reached XP level 4. HP: 33/35 MP: 5/5
  1405 | D:2      | Reached skill level 1 in Throwing
  1822 | D:2      | Found a bloodstained altar of Trog.
  2285 | D:3      | Reached XP level 5. HP: 13/41 MP: 6/6
  2286 | D:3      | HP: 2/41 [orc priest/divine providence (12)]
  2296 | D:3      | HP: 2/41 [quokka (4)]
  2704 | D:3      | Found a faded altar of an unknown god.
  2707 | D:3      | Found a shimmering altar of Xom.
  2982 | D:3      | Reached XP level 6. HP: 40/47 MP: 7/7
  3112 | D:3      | Found a runed translucent door.
  3113 | D:3      | Noticed Crazy Yiuf
  3123 | D:3      | Killed Crazy Yiuf
  3325 | D:4      | Noticed Eustachio
  3334 | D:4      | Killed Eustachio
  3334 | D:4      | Reached skill level 1 in Staves
  3334 | D:4      | Reached XP level 7. HP: 46/53 MP: 8/8
  3410 | D:4      | Found Rutilaf's Food Boutique.
  3478 | D:4      | Reached *** piety under Lugonu
  3522 | D:4      | Found Vamemp's Book Shoppe.
  3530 | D:4      | Noticed Sigmund
  3546 | D:4      | Killed Sigmund
  3546 | D:4      | Reached skill level 2 in Staves
  3682 | D:4      | Found a snail-covered altar of Cheibriados.
  4185 | D:4      | Reached skill level 3 in Staves
  4506 | D:4      | Found an opulent altar of Gozag.
  4676 | D:5      | Entered Level 5 of the Dungeon
  4699 | D:5      | Reached XP level 8. HP: 49/60 MP: 9/9
  4751 | D:5      | Found a blossoming altar of Fedhas.
  4803 | D:5      | Reached skill level 4 in Staves
  4845 | D:5      | Found a hazy altar of Hepliaklqana.
  4880 | D:5      | Found a hide-covered altar of Uskayaw.
  4944 | D:5      | Found a burning altar of Makhleb.
  5074 | D:5      | Found a basalt altar of Yredelemnul.
  5112 | D:5      | Found a staircase to the Ecumenical Temple.
  5184 | D:5      | Found a white marble altar of Elyvilon.
  5378 | D:5      | Reached **** piety under Lugonu
  5378 | D:5      | Reached skill level 5 in Staves
  5962 | D:6      | Reached skill level 6 in Staves
  6151 | D:6      | Noticed Menkaure
  6167 | D:6      | Killed Menkaure
  6167 | D:6      | Reached XP level 9. HP: 21/66 MP: 10/10
  6473 | D:6      | Noticed Edmund
  6490 | D:6      | Killed Edmund
  6490 | D:6      | Reached skill level 7 in Staves
  6560 | D:6      | Noticed Blork the orc
  6578 | D:6      | Killed Blork the orc
  6989 | D:6      | Reached skill level 5 in Throwing
  7063 | D:6      | Noticed a blink frog
  7063 | D:6      | a sky beast changed into a blink frog
  7066 | D:6      | Killed a blink frog
  7066 | D:6      | Reached skill level 8 in Staves
  7492 | D:7      | Reached skill level 1 in Slings
  7797 | D:7      | Reached XP level 10. HP: 66/73 MP: 12/12
  8113 | D:7      | Noticed Prince Ribbit
  8120 | D:7      | Noticed Joseph
  8137 | D:7      | Killed Prince Ribbit
  8188 | D:7      | Killed Joseph
  8188 | D:7      | Reached skill level 5 in Fighting
  8188 | D:7      | Reached skill level 5 in Slings
  8477 | D:7      | Found a glowing golden altar of the Shining One.
  8544 | D:7      | Reached ***** piety under Lugonu
  9249 | D:7      | Found a shimmering blue altar of Sif Muna.
  9356 | D:8      | Noticed a two-headed ogre
  9369 | D:8      | Killed a two-headed ogre
  9369 | D:8      | Reached skill level 9 in Staves
  9550 | D:8      | HP: 2/74 [orc warrior/boomerang (9)]
  9551 | D:8      | Hit by a boomerang thrown by an orc warrior

Illustrated notes

Levels and vault maps discovered:
D:1:      dpeg_arrival_more_subterranean_lakeside_camping, layout_rooms
D:2:      layout_loops_corners, lightli_temple_of_fire,
          nicolae_qazlal_eye_of_the_storm, first_ration
D:3:      cheibrodos_pilgrimage, layout_basic, old_standard_altar,
          chequers_ecumenical_altar_simple, kennysheep_cluttered_room,
          kennysheep_generic_room_6, uniq_crazy_yiuf_cottage
D:4:      layout_loops_cross, old_standard_altar, overflow_temple_1_default,
          serial_shops, nicolae_shop_stone, shop, roderic_roman_lattice,
          minmay_starry_boxes, uniq_sigmund, uniq_eustachio
D:5:      layout_cave_pools, kennysheep_ying_yang,
          eat_drink_and_be_merry_uskayaw, makhleb_blood_cavern_becter,
          lemuel_round_altar, minmay_temple_entry_ruins, basic_altar,
          st_stairs_1
D:6:      layout_rooms, uniq_menkaure, uniq_blork_the_orc, uniq_edmund
D:7:      layout_layer_cave, tso_metal_star, marbit_many_paths, uniq_joseph,
          uniq_prince_ribbit1
D:8:      layout_basic, special_room [special_room_orc], the_bakery,
          corner_web_ring

Skill      XL: |  1  2  3  4  5  6  7  8  9 10 |
---------------+-------------------------------+-----
Polearms       | 3 4 |  4.6
Throwing       | 1 2 3 4 5 |  5.3
Staves         | 1 3 6 8 9 |  9.4
Fighting       | 4 5 |  5.3
Armour         | 3 4 |  4.1
Dodging        | 2 3 |  3.0
Slings         | 2 6 |  6.6
Invocations    | 3 |  3.1

Action                   |  1- 3 |  4- 6 |  7- 9 | 10-12 || total
-------------------------+-------+-------+-------+-------++-------
Melee: Spear             |    81 |   144 |       |       ||   225
       Quarterstaff      |       |    11 |   216 |    93 ||   320
 Fire: Fustibalus        |       |       |    63 |    66 ||   129
Throw: Stone             |    26 |    39 |    67 |       ||   132
       Boomerang         |       |       |    35 |    16 ||    51
Invok: Depart the Abyss  |     1 |       |       |       ||     1
       Bend Space        |       |     3 |     6 |     3 ||    12
Evoke: Wand              |       |       |     1 |       ||     1
  Use: Scroll            |     6 |     6 |     5 |       ||    17
       Potion            |       |     3 |     1 |       ||     4
 Stab: Sleeping          |     7 |     1 |     4 |       ||    12
       Confused          |       |       |     1 |       ||     1
       Paralysed         |       |       |     1 |       ||     1
       Petrified         |       |       |       |     5 ||     5
       Petrifying        |       |       |       |     1 ||     1
  Eat: Chunk             |     1 |     6 |     7 |     3 ||    17
       Ration            |       |     1 |     1 |     1 ||     3
Armor: Leather armour    |     9 |    18 |    94 |    28 ||   149
       Scale mail        |       |    23 |     2 |       ||    25
Dodge: Dodged            |    25 |    54 |   177 |    59 ||   315
